 Dungeon Crawl Stone Soup version 0.25-a0-2-g6559c6c67a (webtiles) character file.

Game seed: 12911049258622298893, levelgen mode: deterministic

559 Gargoyl the Skirmisher (level 7, -3/59 HPs)
             Began as a Centaur Abyssal Knight on Oct 14, 2019.
             Was a Believer of Lugonu.
             Killed from afar by Dowan (19 damage)
             ... with a stone arrow
             ... on level 4 of the Dungeon.
             The game lasted 00:04:40 (3814 turns).

Gargoyl the Skirmisher (Centaur Abyssal Knight)     Turns: 3814, Time: 00:04:41

Health: -3/59      AC:  9    Str: 20    XL:     7   Next: 9%
Magic:  9/9        EV:  6    Int: 11    God:    Lugonu [**....]
Gold:   234        SH:  0    Dex: 10    Spells: 6/6 levels left

rFire    . . .     SeeInvis .   h - +2 hand axe (freeze)
rCold    . . .     Gourm    .   (no shield)
rNeg     . . .     Faith    .   d - +0 chain mail {MR+}
rPois    .         Spirit   .   (no helmet)
rElec    .         Reflect  .   (no cloak)
rCorr    .         Harm     .   e - +0 pair of gloves
MR       +....                  (no barding)
Stlth    ..........             j - amulet of magic regeneration
HPRegen  0.19/turn              (no ring)
MPRegen  0.36/turn              (no ring)

@: mighty, very quick
A: large, hooves 3, deformed body, speed 2, tough skin 3
a: Depart the Abyss, Bend Space, Renounce Religion


You were on level 4 of the Dungeon.
You worshipped Lugonu.
Lugonu was pleased with you.
You were not hungry.

You visited 1 branch of the dungeon, and saw 5 of its levels.
You visited the Abyss 1 time.

You collected 234 gold pieces.

Inventory:

Hand Weapons
 a - a +1 hand axe
 h - a +2 hand axe of freezing (weapon)
Armour
 b - a +0 leather armour
 d - a +0 chain mail of magic resistance (worn)
 e - a +0 pair of gloves (worn)
 r - a -2 shield
Jewellery
 j - an amulet of magic regeneration (around neck)
Scrolls
 g - 2 scrolls of identify
Potions
 f - 2 potions of curing {unknown}
 i - a potion of lignification
 n - a potion of invisibility {unknown}
Comestibles
 c - 2 rations


   Skills:
 + Level 4.0 Fighting
 + Level 3.7 Axes
 * Level 3.5 Armour
 * Level 2.1 Dodging
 * Level 3.5 Invocations


You had 6 spell levels left.
You didn't know any spells.
Your spell library was empty.

Dungeon Overview and Level Annotations

Branches:
Dungeon (5/15)             Temple (0/1) D:5

Altars:
Ashenzari
Kikubaaqudgha

Shops:
D:4 *

Annotations:
D:4 Dowan


Innate Abilities, Weirdness & Mutations

You have hooves in place of feet.
Armour fits poorly on your strangely shaped body.
You cover ground very quickly.
You have extremely tough skin. (AC +3)


Message History

You closely miss Duvessa. You kick Duvessa.
Duvessa is almost dead.
Duvessa hits you but does no damage.
You hit Duvessa but do no damage. You kick Duvessa.
Duvessa is almost dead.
Duvessa hits you but does no damage.
You hit Duvessa. You freeze Duvessa.
You kill Duvessa!
Lugonu accepts your kill.
Dowan screams, "No!
Oh no!"
Dowan seems to find hidden reserves of power!
You have reached level 7!
Dowan says, "Her death will not be in vain!"
You slash the leopard gecko!
The leopard gecko seems to slow down.
You freeze the leopard gecko.
You kill the leopard gecko!
Lugonu accepts your kill. Dowan casts a spell at you.
The stone arrow hits you!!
You die...

.##....<.......# ##.##....
###.#)#####.##.#.##...#..# #
#.#)####...#.. ....... #
#............. #e.%# #
###.####...#.# #.# . ##.#
#.# ###.##.### ..##..# #.#
#..........
.....######.##.###e#........
...o.......[....@).#.##.####
.....#######...#####.# .#
#...# ..##.# #..## #.# #
#...# .. #.# #.. #.## #...#
.# #.# #.. #.##.# #.(.# .
#.. #.. .# .. ..... . .. #..
####.##...h #.. ...........
#>...


You could see Dowan.

Vanquished Creatures
  Sigmund (D:4)
  Duvessa (D:4)
  A hound (D:4)
  An orc priest (D:4)
  Jessica (D:2)
  An orc wizard (D:3)
  A worker ant (D:4)
  4 gnolls (D:4)
  2 adders
  An ooze (D:1)
  4 worms
  3 dart slugs
  6 leopard geckos
  6 orcs
  A ball python (D:2)
  11 bats
  A giant cockroach (D:1)
  10 goblins
  7 hobgoblins
  6 jackals (D:1)
  7 kobolds
  8 rats
84 creatures vanquished.

Notes
Turn   | Place    | Note
-------+----------+-------------------------------------------
     0 | Abyss:1  | Gargoyl the Centaur Abyssal Knight began the quest for the
                  | Orb.
     0 | Abyss:1  | Reached XP level 1. HP: 19/19 MP: 2/2
   115 | Abyss:2  | Noticed a hell knight
   115 | Abyss:2  | Noticed a hell knight
   148 | Abyss:2  | Noticed a large abomination
   158 | Abyss:2  | Noticed an ice devil
   160 | D:1      | Escaped the Abyss
   199 | D:1      | Reached XP level 2. HP: 8/26 MP: 3/3
   486 | D:1      | Reached * piety under Lugonu
   616 | D:1      | Reached skill level 1 in Dodging
   903 | D:1      | Reached XP level 3. HP: 31/31 MP: 4/4
  1316 | D:2      | Noticed Jessica
  1329 | D:2      | Killed Jessica
  1329 | D:2      | Reached XP level 4. HP: 37/38 MP: 5/5
  1567 | D:2      | Reached ** piety under Lugonu
  1892 | D:2      | Found an ancient bone altar of Kikubaaqudgha.
  2411 | D:3      | Reached XP level 5. HP: 12/46 MP: 5/7
  2693 | D:3      | Found a shattered altar of Ashenzari.
  3400 | D:4      | Noticed Sigmund
  3408 | D:4      | Killed Sigmund
  3408 | D:4      | Reached XP level 6. HP: 37/52 MP: 8/8
  3666 | D:4      | You fall into a shaft and drop 1 floor!
  3666 | D:5      | Entered Level 5 of the Dungeon
  3682 | D:5      | Found a staircase to the Ecumenical Temple.
  3691 | D:4      | Found Ostroif's Elemental Accessories.
  3779 | D:4      | Noticed Dowan
  3779 | D:4      | Noticed Duvessa
  3797 | D:4      | Reached skill level 4 in Fighting
  3813 | D:4      | Killed Duvessa
  3813 | D:4      | Reached XP level 7. HP: 16/59 MP: 9/9
  3814 | D:4      | Killed from afar by Dowan

Levels and vault maps discovered:
D:1:      saegor_arrival_simple_d, layout_basic
D:2:      kb_forest_paths, layout_loops_ring, kiku_gazebo_garden_becter,
          serial_bayou_lake_a, uniq_jessica
D:3:      layout_basic, lemuel_doored_altar
D:4:      layout_loops_ring, nicolae_elemental_shop, uniq_sigmund, uniq_duvessa,
          uniq_menkaure
D:5:      layout_cave_pools, lemuel_round_altar,
          minmay_temple_entry_statues_fountains, first_ration, basic_altar,
          minivault_4

Skill      XL: |  1  2  3  4  5  6 |
---------------+-------------------+-----
Dodging        | 1 2 |  2.1
Axes           | 2 3 |  3.7
Armour         | 2 3 |  3.5
Invocations    | 3 |  3.5
Fighting       | 4 |  4.0

Action                   |  1- 3 |  4- 6 |  7- 9 || total
-------------------------+-------+-------+-------++-------
Melee: Hand axe          |    66 |   160 |     1 ||   227
       Kick              |    10 |    35 |       ||    45
Invok: Depart the Abyss  |     1 |       |       ||     1
  Use: Potion            |     1 |     3 |       ||     4
       Scroll            |       |     5 |       ||     5
  Eat: Chunk             |       |     7 |       ||     7
Armor: Chain mail        |    73 |    99 |       ||   172
       Skin              |       |     6 |       ||     6
Dodge: Dodged            |    16 |    30 |       ||    46

Table legend:
 A = Non-vault XP
 B = Vault XP
 C = Vault XP percentage of total XP
 D = Non-vault monster count
 E = Vault monster count
 F = Vault count percentage of total count
                 A         B        C        D         E       F
            +---------+---------+-------+---------+---------+-------
      Total |     382 |     417 |  52.2 |      75 |       9 |  10.7
            +---------+---------+-------+---------+---------+-------
        D:1 |      51 |       0 |   0.0 |      25 |       0 |   0.0
        D:2 |      50 |      52 |  51.0 |      19 |       7 |  26.9
        D:3 |      98 |       0 |   0.0 |      21 |       0 |   0.0
        D:4 |     183 |     365 |  66.6 |      10 |       2 |  16.7
            +---------+---------+-------+---------+---------+-------
